 Dungeon Crawl Stone Soup version 0.31-a0-1-g4198be8af4 (webtiles) character file.

Game seed: 14050342678074575568

614619 Frod the Cryomancer (level 27, 224/224 HPs)
             Began as a Human Ice Elementalist on Apr 28, 2023.
             Was a High Priest of Sif Muna.
             Quit the game in the Vestibule of Hell on Aug 18, 2023.
             The game lasted 11:29:03 (77546 turns).

Frod the Cryomancer (Human Ice Elementalist)       Turns: 77546, Time: 11:29:03

Health: 224/224    AC: 33    Str: 16    XL:     27
Magic:  45/45      EV: 11    Int: 49    God:    Sif Muna [*****.]
Gold:   4560       SH:  8    Dex: 14    Spells: 3/63 levels left

rFire   . . .        a - staff of cold "Kab Louv" {rC+ Str+4}
rCold   + + .        v - +2 buckler {rPois}
rNeg    . . .        G - +3 faerie dragon scales {rElec rCorr Int+2 Stlth-}
rPois   +            e - +5 hat "Ytzoezxi" {rF- Will+ Int+6}
rElec   +            h - +4 cloak of Eternal Night {rCorr Int+2}
rCorr   +            j - +4 pair of gloves of Lugonu's Fury {Int+7 Dex-2}
SInv    .            Q - +0 pair of boots {Fly}
Will    +++..        l - amulet of Nairaf {RegenMP +Inv Dex+2}
Stlth   +++          N - ring of the Tortoise {AC+8}
HPRegen 0.57/turn    k - ring "Ytrulaz" {Drain rF+ rC+ Str+2 Int+4}
MPRegen 0.69/turn

%: no passive effects
@: flying, studying 4 skills
A: inhibited regeneration
}: 4/15 runes: barnacled, slimy, silver, gossamer
a: Renounce Religion, Evoke Invisibility, Channel Magic, Forget Spell, Divine
Exegesis


You were in the Vestibule of Hell.
You worshipped Sif Muna.
Sif Muna was extremely pleased with you.
You visited 11 branches of the dungeon, and saw 49 of its levels.
You visited 1 bazaar.
You also visited: Ossuary, Bailey, Gauntlet, Ice Cave and Volcano.

You collected 8413 gold pieces.
You spent 3853 gold pieces at shops.

Inventory:

Hand Weapons
 b - the +9 hand crossbow of Kerafike {heavy, Int+3}
   (You acquired it on level 2 of the Vaults)

   Int:       It affects your intelligence (+3).
 c - the +11 dagger "Zamot" {venom, Str+3 SInv}
   (You found it on level 5 of the Vaults)

   Str:       It affects your strength (+3).
   SInv:      It lets you see invisible.
 d - the +6 war axe of Success {flame, *Rage rElec rN++ Str+3}
   (You found it on level 10 of the Dungeon)

   Str:       It affects your strength (+3).
   rElec:     It insulates you from electricity.
   rN:        It greatly protects you from negative energy.
   *Rage:     It berserks you when you make melee attacks (+20% chance).
Missiles
 I - 20 silver javelins (quivered)
 P - 10 curare-tipped darts
Armour
 e - the +5 hat "Ytzoezxi" (worn) {rF- Will+ Int+6}
   (You found it on level 3 of the Vaults)

   Int:       It affects your intelligence (+6).
   rF:        It makes you vulnerable to fire.
   Will:      It increases your willpower.
 h - the +4 cloak of Eternal Night (worn) {rCorr Int+2}
   (You bought it in a shop on level 1 of the Elven Halls)

   Int:       It affects your intelligence (+2).
   rCorr:     It protects you from acid and corrosion.
 j - the +4 pair of gloves of Lugonu's Fury (worn) {Int+7 Dex-2}
   (You found it in a volcano)

   Int:       It affects your intelligence (+7).
   Dex:       It affects your dexterity (-2).
 v - a +2 buckler of poison resistance (worn)
 G - the +3 faerie dragon scales (worn) {rElec rCorr Int+2 Stlth-}
   (You took it off the Enchantress on level 2 of the Depths)

   Int:       It affects your intelligence (+2).
   rElec:     It insulates you from electricity.
   rCorr:     It protects you from acid and corrosion.
   Stlth:     It makes you less stealthy.
 Q - a +0 pair of boots of flying (worn)
Magical Staves
 a - the staff of cold "Kab Louv" (weapon) {rC+ Str+4}
   (You found it on level 5 of the Vaults)

   [staff of cold]

   Base accuracy: +5 Base damage: 5 Base attack delay: 1.2 This weapon's minimum
   attack delay (0.6) is reached at skill level 12.
   Str:       It affects your strength (+4).
   rC:        It protects you from cold.
   It falls into the 'Staves' category.
   It is a one-handed weapon.
Jewellery
 k - the ring "Ytrulaz" (right hand) {Drain rF+ rC+ Str+2 Int+4}
   (You bought it in a shop on level 2 of the Orcish Mines)

   [ring of protection from fire]

   Str:       It affects your strength (+2).
   Int:       It affects your intelligence (+4).
   rF:        It protects you from fire.
   rC:        It protects you from cold.
   Drain:     It drains your maximum health when unequipped.
 l - the amulet of Nairaf (around neck) {RegenMP +Inv Dex+2}
   (You acquired it on level 5 of the Vaults)

   [amulet of magic regeneration]

   It increases your rate of magic regeneration.
   Dex:       It affects your dexterity (+2).
   +Inv:      It lets you turn invisible.
 y - a ring of protection from fire
 N - the ring of the Tortoise (left hand) {AC+8}
   (You took it off a deep elf elementalist on level 3 of the Elven Halls)

   [ring of protection]

   AC:        It affects your AC (+8).
 U - a ring of wizardry
Wands
 A - a wand of digging (23)
 B - a wand of roots (62)
 C - a wand of acid (33)
 D - a wand of flame (53)
Scrolls
 m - 10 scrolls of immolation
 n - 8 scrolls of magic mapping
 q - 2 scrolls of poison
 s - 2 scrolls of amnesia
 t - 9 scrolls of fear
 x - 4 scrolls of fog
 E - 23 scrolls of teleportation
 L - 8 scrolls of blinking
 M - a scroll of summoning
Potions
 f - 11 potions of magic
 g - 20 potions of curing
 i - 9 potions of lignification
 o - 6 potions of flight
 p - 8 potions of invisibility
 r - 12 potions of brilliance
 w - 11 potions of heal wounds
 F - 5 potions of haste
 K - 5 potions of ambrosia
 S - 9 potions of resistance
 T - 6 potions of cancellation
Miscellaneous
 V - the horn of Geryon
 W - a phial of floods
 X - a phantom mirror
 Y - a box of beasts
 Z - a lightning rod (4/4)


   Skills:
 - Level 20.0 Fighting
 + Level 16.8 Ranged Weapons
 - Level 2.0 Dodging
 - Level 10.0 Stealth
 - Level 8.0 Shields
 + Level 18.6 Spellcasting
 - Level 7.0 Conjurations
 - Level 5.0 Summonings
 * Level 11.2 Necromancy
 - Level 5.0 Translocations
 * Level 10.0 Transmutations
 - Level 5.0 Fire Magic
 * Level 21.8 Ice Magic
 - Level 5.0 Air Magic
 - Level 12.0 Earth Magic
 - Level 5.0 Poison Magic
 - Level 15.0 Invocations
 - Level 15.0 Evocations


You had 3 spell levels left.
You knew the following spells:

 Your Spells              Type           Power      Damage    Failure   Level
a - Sticky Flame          Conj/Fire      81%        2d9       1%          4
b - Polar Vortex          Ice            78%        N/A       9%          9
c - Borgnjor's Vile Clut  Necr/Erth      51%        N/A       1%          5
d - Ozocubu's Refrigerat  Ice            78%        4d24      1%          7
e - Simulacrum            Ice/Necr       71%        N/A       1%          6
g - Summon Ice Beast      Ice/Summ       100%       N/A       1%          4
k - Passwall              Tmut/Erth      84%        N/A       0%          2
l - Blink                 Tloc           100%       N/A       1%          2
n - Swiftness             Air            76%        N/A       1%          3
o - Ozocubu's Armour      Ice            100%       N/A       0%          3
p - Portal Projectile     Hex/Tloc       100%       N/A       1%          3
u - Passage of Golubria   Tloc           76%        N/A       1%          4
D - Lee's Rapid Deconstr  Erth           52%        3d24*     1%          5
E - Frozen Ramparts       Ice            100%       1d16      0%          3

Your spell library contained the following spells:

 Spells                   Type           Power      Damage    Failure   Level
 Beastly Appendage        Tmut           100%       N/A       0%          1
 Freeze                   Ice            100%       1d10      0%          1
 Kiss of Death            Conj/Necr      100%       2d13      0%          1
 Necrotise                Necr           100%       1d9       0%          1
 Sandblast                Erth           100%       2d20      0%          1
 Ensorcelled Hibernation  Hex/Ice        100%       N/A       0%          2
 Sublimation of Blood     Necr           100%       N/A       0%          2
 Wereblood                Tmut           97%        N/A       0%          2
 Hailstorm                Conj/Ice       100%       3d20      0%          3
 Apportation              Tloc           100%       N/A       1%          1
 Foxfire                  Conj/Fire      100%       2x1d9     1%          1
 Magic Dart               Conj           100%       1d8       1%          1
 Shock                    Conj/Air       100%       1d9       1%          1
 Slow                     Hex            100%       N/A       1%          1
 Sting                    Tmut/Pois      100%       1d8       1%          1
 Summon Small Mammal      Summ           100%       N/A       1%          1
 Cigotuvi's Dreadful Rot  Necr/Pois/Air  100%       N/A       1%          2
 Lesser Beckoning         Tloc           100%       N/A       1%          2
 Momentum Strike          Conj/Tloc      100%       3d10      1%          2
 Poisonous Vapours        Pois/Air       100%       N/A       1%          2
 Scorch                   Fire           100%       2d9       1%          2
 Searing Ray              Conj           100%       2d8       1%          2
 Static Discharge         Conj/Air       100%       2-7/arc   1%          2
 Call Canine Familiar     Summ           76%        N/A       1%          3
 Confusing Touch          Hex            45%        N/A       1%          3
 Dazzling Flash           Conj/Hex       100%       N/A       1%          3
 Gell's Gravitas          Tloc           76%        N/A       1%          3
 Ignite Poison            Fire/Tmut/Pois 84%        N/A       1%          3
 Inner Flame              Hex/Fire       63%        N/A       1%          3
 Mephitic Cloud           Conj/Pois/Air  79%        N/A       1%          3
 Stone Arrow              Conj/Erth      100%       3d13      1%          3
 Summon Guardian Golem    Hex/Summ       63%        N/A       1%          3
 Teleport Other           Tloc           76%        N/A       1%          3
 Tukima's Dance           Hex            45%        N/A       1%          3
 Vampiric Draining        Necr           100%       2d13      1%          3
 Vhi's Electric Charge    Tloc/Air       100%       N/A       1%          3
 Volatile Blastmotes      Fire/Tloc      100%       2d18      1%          3
 Ice Form                 Ice/Tmut       100%       N/A       0%          4
 Airstrike                Air            38%        2d(6-22)  1%          4
 Anguish                  Hex/Necr       39%        N/A       1%          4
 Animate Armour           Summ/Erth      100%       N/A       1%          4
 Animate Dead             Necr           100%       N/A       1%          4
 Dispel Undead            Necr           100%       3d31      1%          4
 Flame Wave               Conj/Fire      81%        2d18      1%          4
 Fulminant Prism          Conj/Hex       34%        3d16      1%          4
 Iskenderun's Mystic Bla  Conj/Tloc      81%        2d16      1%          4
 Leda's Liquefaction      Hex/Erth       40%        N/A       1%          4
 Manifold Assault         Tloc           76%        N/A       1%          4
 Olgreb's Toxic Radiance  Pois           76%        N/A       1%          4
 Petrify                  Tmut/Erth      100%       N/A       1%          4
 Summon Lightning Spire   Summ/Air       76%        N/A       1%          4
 Agony                    Necr           100%       N/A       1%          5
 Alistair's Intoxication  Tmut/Pois      58%        N/A       1%          5
 Arcjolt                  Conj/Air       40%        1d50      1%          5
 Blade Hands              Tmut           48%        N/A       1%          5
 Fireball                 Conj/Fire      40%        3d16      1%          5
 Freezing Cloud           Conj/Ice/Air   62%        6-21      1%          5
 Irradiate                Conj/Tmut      46%        3d27      1%          5
 Iskenderun's Battlesphe  Conj           85%        2d13      1%          5
 Metabolic Englaciation   Hex/Ice        62%        N/A       1%          5
 Death Channel            Necr           51%        N/A       1%          6
 Iron Shot                Conj/Erth      47%        9d9       1%          6
 Statue Form              Tmut/Erth      67%        N/A       1%          6
 Summon Forest            Summ/Tloc      38%        N/A       2%          5
 Yara's Violent Unravell  Hex/Tmut       38%        3d15      2%          5
 Eringya's Noxious Bog    Tmut/Pois      44%        N/A       4%          6
 Cause Fear               Hex            22%        N/A       7%          4
 Silence                  Hex/Air        31%        N/A       7%          5
 Summon Mana Viper        Hex/Summ       63%        N/A       7%          5
 Conjure Ball Lightning   Conj/Air       40%        3x3d13    9%          6
 Starburst                Conj/Fire      40%        6d12      9%          6
 Dragon Form              Tmut           48%        N/A       10%         7
 Dispersal                Tloc           38%        N/A       13%         6
 Plasma Beam              Fire/Air       38%        2x1d56    13%         6
 Summon Cactus Giant      Summ           38%        N/A       13%         6
 Haunt                    Necr/Summ      45%        N/A       21%         7
 Storm Form               Tmut/Air       44%        N/A       26%         7
 Orb of Destruction       Conj           42%        9d12      32%         7
 Borgnjor's Revivificati  Necr           51%        N/A       41%         8
 Infestation              Necr           51%        N/A       41%         8
 Spellforged Servitor     Conj/Summ      40%        N/A       43%         7
 Necromutation            Tmut/Necr      50%        N/A       50%         8
 Malign Gateway           Summ/Tloc      38%        N/A       58%         7
 Monstrous Menagerie      Summ           38%        N/A       58%         7
 Summon Hydra             Summ           38%        N/A       58%         7
 Lehudib's Crystal Spear  Conj/Erth      47%        10d11     65%         8
 Enfeeble                 Hex            22%        N/A       99%         7
 Disjunction              Tloc           38%        N/A       99%         8
 Ignition                 Fire           38%        3d11      99%         8
 Summon Horrible Things   Summ           38%        N/A       99%         8
 Shatter                  Erth           52%        3d39*     99%         9
 Discord                  Hex            22%        N/A       100%        8
 Chain Lightning          Conj/Air       40%        3d54      100%        9
 Death's Door             Necr           51%        N/A       100%        9
 Dragon's Call            Summ           38%        N/A       100%        9
 Fire Storm               Conj/Fire      40%        8d10      100%        9


Dungeon Overview and Level Annotations

Branches:
Dungeon (15/15)            Temple (1/1) D:5            Lair (5/5) D:10
 Shoals (4/4) Lair:3       Spider (4/4) Lair:2        Slime (5/5) Lair:5
    Orc (2/2) D:9             Elf (3/3) Orc:2        Vaults (5/5) D:14
  Crypt (0/3) Vaults:3     Depths (4/4) D:15           Hell (1/1)
    Dis (0/7) Hell            Geh (0/7) Hell            Coc (0/7) Hell
    Tar (0/7) Hell            Zot (0/5) Depths:4    Ossuary (visited)
 Bailey (visited)           IceCv (visited)         Volcano (visited)
Gauntlet (visited)

Altars:
Ashenzari
Cheibriados
Dithmenos
Elyvilon
Fedhas
Gozag
Hepliaklqana
Kikubaaqudgha
Makhleb
Nemelex Xobeh
Okawaru
Qazlal
Ru
Sif Muna
Trog
Uskayaw
Vehumet
Wu Jian
Xom
Yredelemnul
Zin
The Shining One
Lugonu

Shops:
D:9 =   Orc:2 [=:*   Elf:1 [   Elf:2 (   Elf:3 *   Shoals:2 (   Vaults:1 **?

Portals:
Hell: Depths:1 Depths:2 Depths:3 Depths:4
Abyss: Slime:1 Depths:2 Depths:3
Pandemonium: Depths:1 Depths:2 Depths:3
Ziggurat: Depths:2

Annotations:
D:4 Grinder


Innate Abilities, Weirdness & Mutations

You do not regenerate when monsters are visible.


Message History

There is an open door here.
There is an open door here.
There is an open door here.
There is an open door here.
There is an open door here.
There is an open door here.
You reach down and open the door.
There is an open door here.
There is an open door here.
There is an open door here.
There is an open door here.
There is an open door here.
There is an open door here.
Found 5 stones.
There is an open door here.
Done exploring.
Search for what [? for help]? .
Unknown command.
Unknown command.
There is an open door here.
You see here a +0 scale mail.
There is an open door here.
There is an open door, spattered with blood here.
Things that are here:
a +0 chain mail; a +1 battleaxe
There is a gateway to Hell here.
You can't go up here!
You fly down through the gate.
Welcome back to the Vestibule of Hell!
There is a gateway back to the Dungeon here.
Items here: ! """" )))) == ???? [[[ ||.
You drop a ring of poison resistance.
You drop a potion of mutation.
Okay, then.
Unknown command.
Okay, then.
Saving game... please wait.
Welcome back, Frod the Human Ice Elementalist.
Sif Muna whispers: I know many secrets...
Press ? for a list of commands and other information.
Are you sure you want to abandon this character and quit the game? (Confirm with "yes".)

..............#...#[..[..........
................................§
................................§
...................[...)........≈
...............................≈§
................#.............≈≈≈
........)......#.#...).......≈≈##
..............#.∩.#.........≈≈##.
...............#@#...[..^....≈#..
..##........#...#...#....).≈≈.#..
.##........#.#.....#......§§..'..
#.........#.∩.#...#.∩.#..)≈≈.†'..
...........#.#.....#......§≈..'..
............#...#...#......≈≈.#..
...............#.#..........)≈#..
..............#.∩.#.......§.≈≈##.
...............#.#........§..≈≈##


There were no monsters in sight!

Vanquished Creatures
  the Royal Jelly (Slime:5)
  2 ancient liches
  A juggernaut (Depths:3)
  The ghost of Esoocrirph the Executioner, a veteran NaFi of Hepliaklqana (Vaults:4)
  The ghost of Joextigh the Crack Shot, a veteran KoHu of Okawaru (Vaults:4)
  A caustic shrike (shapeshifter) (Depths:3)
  Geryon (Hell)
  8 golden dragons
  A caustic shrike (Depths:3)
  The ghost of Yhaurph the Hoplite, an adept MiFi of Okawaru (Vaults:3)
  the Enchantress (Depths:2)
  The ghost of Oswald the Acrobat, a veteran KoGl of Wu Jian (Vaults:4)
  The ghost of Inath the Black Belt, an adept OpTm of Cheibriados (Vaults:4)
  Mlioglotl (Shoals:1)
  The ghost of Rinoumap the Peltast, an adept TrCK of Ru (Vaults:4)
  6 tentacled monstrosities
  5 liches
  Asterion (Spider:1)
  A walking frostbound tome (Depths:3)
  2 deep elf blademasters (Elf:3)
  A walking divine tome (Depths:3)
  Murray (Hell)
  2 deep elf master archers (Elf:3)
  A quicksilver dragon (Vaults:5)
  5 titans
  Polyphemus (Shoals:3)
  2 krakens
  28 acid blobs
  9 sphinxes
  12 tengu reavers
  Roxanne (Spider:3)
  6 storm dragons
  6 shadow dragons
  A draconian monk (Depths:4)
  Donald (Spider:1)
  Kirke (Spider:1)
  13 azure jellies
  Ilsuiw (Shoals:2)
  10 fire giants
  11 rockslimes
  10 emperor scorpions
  3 deep elf sorcerers
  Louise (Shoals:1)
  A caustic shrike zombie (Hell)
  5 ghost moths
  11 frost giants
  A cacodemon (Hell)
  15 vault wardens
  3 iron dragons
  45 very ugly things
  A draconian stormcaller (Depths:4)
  20 ironbound preservers
  A juggernaut skeleton (Hell)
  A quicksilver ooze (shapeshifter) (Vaults:5)
  8 quicksilver oozes
  4 spriggan defenders
  4 deep elf elementalists (Elf:3)
  6 reapers (Hell)
  4 war gargoyles
  2 broodmothers
  4 eleionomae (Depths:2)
  8 ironbound thunderhulks
  21 stone giants
  A vampire knight (Depths:2)
  10 deep elf demonologists
  2 lorocyprocas (Hell)
  Azrael (Spider:1)
  8 deep elf annihilators
  15 dire elephants
  A black draconian (Depths:4)
  3 minotaurs
  8 spark wasps
  2 red draconians (Depths:4)
  A yellow draconian (Depths:4)
  3 white draconians (Depths:4)
  21 ettins
  A green death (Hell)
  6 deep elf death magi
  3 merfolk javelineers
  8 fire dragons
  A quicksilver dragon zombie (Hell)
  2 blizzard demons (Hell)
  3 crystal guardians
  3 merfolk impalers
  6 entropy weavers
  14 great orbs of eyes
  14 yaktaur captains
  6 spriggan air magi
  10 deep elf high priests
  39 vault guards
  3 peacekeepers
  7 ice dragons
  6 rakshasas
  5 spriggan zombies (Hell)
  A jorogumo (shapeshifter) (D:14)
  2 hydras
  5 catoblepae
  4 merfolk aquamancers
  4 ogre magi (Orc:2)
  16 centaur warriors
  5 radroaches
  A hell beast (Hell)
  6 ironbound frosthearts
  16 satyrs
  2 hell hogs (Hell)
  15 deep troll shamans
  12 deep troll earth magi
  24 death yaks
  14 tengu warriors
  9 two-headed ogres
  6 boulder beetles
  19 dancing weapons
  2 vampire magi
  8 spriggan berserkers
  21 deep elf knights
  2 titan zombies (Hell)
  3 sun demons
  9 hell knights
  Nergalle (Orc:1)
  2 skysharks
  3 soul eaters (Hell)
  3 sixfirhies
  3 sun moths
  10 skeletal warriors
  13 iron trolls
  7 pharaoh ants
  The ghost of nononono the Trooper, a novice VSNe of Ru (D:10)
  7 sea snakes
  A spark wasp zombie (Hell)
  A golden dragon zombie (Depths:2)
  2 very ugly thing zombies (Depths:1)
  76 deep trolls
  9 deep elf archers
  A flayed ghost (Depths:2)
  A shadow demon (Depths:1)
  11 orb spiders
  An orb spider (shapeshifter) (Vaults:2)
  An anaconda skeleton (Hell)
  4 glowing orange brains
  8 steelbarb worms
  A sea snake (shapeshifter) (Depths:3)
  A sphinx zombie (Depths:2)
  22 ironbound convokers
  34 deep elf pyromancers
  A golden dragon skeleton (Depths:2)
  2 spriggan simulacra
  A tengu zombie (Vaults:4)
  7 wizards
  An iron dragon zombie (Hell)
  5 phantasmal warriors
  23 deep elf zephyrmancers
  34 harpies
  7 lindwurms
  10 necromancers
  4 orc knights
  An oklob plant (D:10)
  7 cyclopes
  An orc sorcerer (Orc:1)
  23 wolf spiders
  20 manticores
  A faun (shapeshifter) (Vaults:4)
  A tengu skeleton (Depths:1)
  22 fauns
  A shadow dragon skeleton (Hell)
  57 ugly things
  2 shining eyes
  A salamander (shapeshifter) (Elf:3)
  A frost giant zombie (Hell)
  2 stone giant zombies
  25 vault sentinels
  9 elephants
  6 moths of wrath
  A water nymph (shapeshifter) (Depths:2)
  6 merfolk sirens
  Joseph (D:8)
  5 demonic crawlers
  2 black mambas (Lair:5)
  4 water nymphs
  6 rust devils
  3 stone giant skeletons
  9 cane toads
  6 molten gargoyles (Hell)
  4 eyes of devastation
  6 gargoyles
  8 torpor snails
  A dire elephant zombie (Hell)
  5 smoke demons (Hell)
  26 yaktaurs
  An unseen horror (D:12)
  Maggie (D:6)
  2 hellions (Hell)
  An efreet (Volcano)
  A yaktaur zombie (Vaults:3)
  2 ice devils (Orc:2)
  A centaur skeleton (Hell)
  3 orange demons
  A rime drake (Lair:4)
  10 tengu conjurers
  An elf (Vaults:1)
  An elf zombie (Vaults:3)
  5 freezing wraiths
  A spark wasp simulacrum (Depths:2)
  6 komodo dragons
  A meliai (shapeshifter) (D:13)
  5 wind drakes
  A merfolk (shapeshifter) (Depths:3)
  A queen bee (Gauntlet)
  7 trolls
  17 merfolk
  20 hornets
  7 polar bears
  A blink frog (shapeshifter) (D:13)
  Prince Ribbit (D:5)
  9 meliai
  A polar bear (shapeshifter) (D:14)
  2 ugly thing zombies (Depths:1)
  35 tarantellas
  A harpy skeleton (Hell)
  2 dream sheep (Lair:4)
  A dream sheep (shapeshifter) (Elf:3)
  2 blink frogs (Lair:3)
  7 snapping turtles
  A stone giant simulacrum (Vaults:3)
  A human simulacrum (Vaults:3)
  3 air elementals
  22 jumping spiders
  20 culicivoras
  A shadow (D:9)
  115 slime creatures
  12 spriggans
  Sigmund (D:5)
  3 wyverns
  65 yaks
  A nameless horror (Ossuary)
  4 vampires
  13 water elementals
  9 fire elementals
  A hog (Spider:1)
  4 basilisks
  4 wraiths
  A steam dragon (Lair:2)
  3 humans
  56 redbacks
  5 vampire mosquitoes (D:13)
  A basilisk (shapeshifter) (D:13)
  A deep troll zombie (Depths:1)
  4 wargs
  Edmund (D:5)
  3 acid dragons
  An entropy weaver zombie (Vaults:4)
  A floating eye (Depths:3)
  7 water moccasins
  7 hell hounds
  A hydra simulacrum (IceCv)
  22 orc warriors
  Duvessa (D:5)
  5 black bears
  An elf simulacrum (Vaults:3)
  An ettin simulacrum (Vaults:3)
  A boggart (D:10)
  19 ogres
  37 wolves
  2 centaurs
  A kobold brigand (D:9)
  9 bullfrogs
  A naga simulacrum (Hell)
  10 scorpions
  2 gnoll sergeants
  2 earth elementals (Volcano)
  6 wights
  Dowan (D:5)
  8 killer bees
  2 elephant simulacra (IceCv)
  6 electric eels
  5 howler monkeys
  5 hounds
  4 jellies
  5 human zombies
  2 iguanas
  10 orc priests
  A gnoll bouda (D:7)
  A sleepcap (D:6)
  16 orc wizards
  2 human skeletons
  Natasha (thrice) (D:4)
  4 hell rats (Hell)
  A polar bear simulacrum (IceCv)
  A wolf simulacrum (IceCv)
  A hound zombie (Ossuary)
  2 mummies (Ossuary)
  19 gnolls
  9 adders
  A shadow imp (D:6)
  4 white imps
  2 ufetubi
  An adder zombie (Ossuary)
  2 worms
  4 dart slugs
  52 orcs
  7 endoplasms
  2 giant cockroaches
  7 goblins
  4 hobgoblins
  7 jackals
  3 quokkas
  6 ball pythons
  7 bats
  A gnoll zombie (Ossuary)
  A goblin zombie (Ossuary)
  2 hobgoblin zombies (Ossuary)
  12 kobolds
  4 kobold zombies (Ossuary)
  An orc skeleton (D:4)
  6 rats
  A rat zombie (Ossuary)
  A bush (Lair:5)
  2 lurking horrors (Slime:1)
  A tentacle (Shoals:1)
2240 creatures vanquished.

Vanquished Creatures (collateral kills)
  A deep elf sorcerer (Elf:3)
  Aizul (Shoals:3)
  A deep elf elementalist (Elf:3)
  2 very ugly thing zombies (Depths:1)
  A merfolk impaler (Shoals:2)
  A hell beast (Gauntlet)
  2 hydras
  A catoblepas (Lair:5)
  A merfolk avatar (Shoals:4)
  A satyr (Shoals:4)
  5 death yaks (Lair:5)
  5 two-headed ogres (Orc:2)
  An alligator snapping turtle (Shoals:2)
  An orc knight (Bailey)
  2 fauns (Shoals:2)
  A moth of wrath (Spider:3)
  A merfolk siren (Shoals:2)
  2 manticores
  3 elephants
  Maurice (D:8)
  2 demonic crawlers (Spider:4)
  A water nymph (Lair:3)
  2 torpor snails (Spider:4)
  A gargoyle (Volcano)
  A komodo dragon (Lair:5)
  A spriggan skeleton (Depths:1)
  A tarantella (Spider:1)
  4 merfolk
  A blink frog (Lair:3)
  2 dream sheep (Lair:4)
  A culicivora (Spider:4)
  A water elemental (Shoals:2)
  6 yaks
  Eustachio (D:4)
  A fire elemental (Spider:1)
  A basilisk (Lair:4)
  3 redbacks (Spider:1)
  2 wargs (Orc:2)
  An acid dragon (D:9)
  A water moccasin (Lair:4)
  A glowing shapeshifter skeleton (Depths:1)
  4 black bears
  5 orc warriors
  12 ogres
  3 centaurs
  A phantom (D:6)
  A kobold brigand (D:8)
  Blork the orc (D:6)
  2 bullfrogs
  An elf zombie (Ossuary)
  4 wights (D:8)
  3 killer bees (Gauntlet)
  A centaur zombie (Ossuary)
  5 orc priests
  6 orc wizards
  A human skeleton (D:4)
  2 hound zombies (Ossuary)
  A mummy (Ossuary)
  5 gnolls
  A white imp (D:7)
  An ufetubus (Gauntlet)
  6 adder zombies (Ossuary)
  23 orcs
  A giant cockroach (D:4)
  2 goblins (D:9)
  A gnoll zombie (Ossuary)
  2 goblin zombies (Ossuary)
  A jackal zombie (Ossuary)
  2 kobold zombies (Ossuary)
  An orc skeleton (D:4)
  2 orc zombies
  3 quokka zombies (Ossuary)
  3 rat zombies (Ossuary)
176 creatures vanquished.

Vanquished Creatures (others)
  A very ugly thing zombie (Depths:1)
  An ugly thing zombie (Depths:1)
  A human (Spider:1)
  A deep troll zombie (Depths:1)
  21 fungi
  115 plants
  7 tentacles
147 creatures vanquished.

Grand Total: 2563 creatures vanquished

Notes
Turn   | Place    | Note
-------+----------+-------------------------------------------
     0 | D:1      | Frod the Human Ice Elementalist began the quest for the
                  | Orb.
     0 | D:1      | Reached XP level 1. HP: 13/13 MP: 3/3
    19 | D:1      | You fall into a shaft and drop 1 floor!
   303 | D:1      | Reached XP level 2. HP: 20/20 MP: 5/5
   697 | D:1      | Reached XP level 3. HP: 25/25 MP: 4/6
   701 | D:1      | Learned a level 3 spell: Frozen Ramparts
   830 | D:1      | Reached skill level 1 in Fighting
  1496 | D:2      | Found a faded altar of an unknown god.
  1505 | D:2      | Reached XP level 4. HP: 26/32 MP: 3/7
  1628 | D:2      | Reached skill level 5 in Ice Magic
  2003 | D:3      | Reached XP level 5. HP: 38/38 MP: 5/9
  2007 | D:3      | Learned a level 3 spell: Ozocubu's Armour
  2561 | D:3      | Found an iron altar of Okawaru.
  3123 | D:4      | Reached XP level 6. HP: 24/46 MP: 2/10
  3196 | D:4      | Learned a level 4 spell: Summon Ice Beast
  3207 | D:4      | Found a sand-covered staircase.
  3245 | Ossuary  | Entered an ossuary
  3605 | Ossuary  | Noticed a nameless horror
  3639 | Ossuary  | Killed a nameless horror
  3755 | Ossuary  | Reached skill level 1 in Summonings
  4064 | Ossuary  | Reached XP level 7. HP: 51/51 MP: 4/12
  4411 | D:4      | Reached skill level 6 in Ice Magic
  4504 | D:4      | Noticed Grinder
  4659 | D:4      | Noticed Eustachio
  4660 | D:4      | Noticed Natasha
  4674 | D:4      | Killed Natasha
  5040 | D:4      | Found an ornate altar of the Wu Jian Council.
  5053 | D:4      | Reached XP level 8. HP: 58/58 MP: 10/14
  5099 | D:4      | Noticed Natasha
  5106 | D:4      | Killed Natasha
  5222 | D:4      | Noticed Natasha
  5230 | D:4      | Killed Natasha
  5361 | D:4      | Killed Eustachio
  5461 | D:5      | Entered Level 5 of the Dungeon
  5651 | D:5      | Noticed Sigmund
  5662 | D:5      | Killed Sigmund
  5731 | D:5      | Noticed Edmund
  5739 | D:5      | Killed Edmund
  5740 | D:5      | Reached skill level 5 in Summonings
  5934 | D:5      | Learned a level 3 spell: Call Canine Familiar
  5954 | D:5      | Reached skill level 7 in Ice Magic
  5954 | D:5      | Reached XP level 9. HP: 66/66 MP: 5/16
  6073 | D:5      | Noticed Prince Ribbit
  6080 | D:5      | Killed Prince Ribbit
  6081 | D:5      | Reached skill level 5 in Fighting
  6081 | D:5      | Reached skill level 5 in Spellcasting
  6520 | D:5      | Found a staircase to the Ecumenical Temple.
  6537 | Temple   | Entered the Ecumenical Temple
  7160 | D:5      | Noticed Duvessa
  7160 | D:5      | Noticed Dowan
  7167 | D:5      | Killed Dowan
  7169 | D:5      | Killed Duvessa
  7375 | D:6      | Found a stormy altar of Qazlal.
  7446 | D:6      | Reached skill level 8 in Ice Magic
  7818 | D:6      | Reached XP level 10. HP: 70/77 MP: 15/19
  7955 | D:6      | Noticed Maggie
  7969 | D:6      | Killed Maggie
  8179 | D:6      | Found a hide-covered altar of Uskayaw.
  8179 | D:6      | Found a white marble altar of Elyvilon.
  8236 | D:6      | Noticed Blork the orc
  8243 | D:6      | Killed Blork the orc
  8318 | D:6      | Found a radiant altar of Vehumet.
  8510 | D:6      | Reached skill level 9 in Ice Magic
  8927 | D:7      | Found an opulent altar of Gozag.
  9379 | D:7      | Found a shimmering blue altar of Sif Muna.
  9392 | D:7      | Became a worshipper of Sif Muna the Loreminder
  9528 | D:7      | Reached skill level 1 in Invocations
  9967 | D:8      | Found a blossoming altar of Fedhas.
 10219 | D:8      | Noticed Maurice
 10230 | D:8      | Killed Maurice
 10525 | D:8      | Reached XP level 11. HP: 83/86 MP: 17/22
 11215 | D:8      | Noticed Joseph
 11225 | D:8      | Killed Joseph
 11388 | D:8      | Reached skill level 10 in Ice Magic
 11727 | D:9      | Found a flagged portal.
 11738 | D:9      | Reached * piety under Sif Muna
 11753 | Bailey   | Entered a bailey
 11946 | Bailey   | Noticed an orc knight
 11959 | Bailey   | Killed an orc knight
 12350 | D:9      | Found Seanobez's Jewellery Shoppe.
 12748 | D:9      | Reached ** piety under Sif Muna
 12957 | D:9      | Noticed a two-headed ogre
 12965 | D:9      | Killed a two-headed ogre
 12966 | D:9      | Reached skill level 5 in Invocations
 13065 | D:9      | Found a staircase to the Orcish Mines.
 13687 | D:9      | Learned a level 4 spell: Sticky Flame
 13773 | D:10     | Entered Level 10 of the Dungeon
 13799 | D:10     | Found a sparkling altar of Nemelex Xobeh.
 13862 | D:10     | Noticed an oklob plant
 13866 | D:10     | Found a staircase to the Lair.
 13873 | D:10     | Killed an oklob plant
 13983 | D:10     | Found a snail-covered altar of Cheibriados.
 14003 | D:10     | Reached skill level 1 in Conjurations
 14003 | D:10     | Reached skill level 1 in Fire Magic
 14005 | D:10     | Reached *** piety under Sif Muna
 14188 | D:10     | Reached XP level 12. HP: 88/95 MP: 11/24
 14762 | D:10     | Learned a level 4 spell: Flame Wave
 14764 | D:10     | Found a runed translucent gate.
 14840 | D:10     | Found a runed translucent gate.
 14854 | D:10     | Found a runed translucent gate.
 14857 | D:10     | Noticed a 12-headed hydra
 14857 | D:10     | Noticed nononono's ghost (novice VSNe)
 14857 | D:10     | Noticed a 12-headed hydra
 15035 | D:10     | Found a shimmering altar of Xom.
 15110 | Lair:1   | Entered Level 1 of the Lair of Beasts
 15661 | Lair:1   | Identified the +7 arbalest of Yjots {flame, rF- rN++ Int-3
                  | Stlth+}
 15689 | Lair:1   | Reached **** piety under Sif Muna
 15712 | Lair:1   | Reached skill level 11 in Ice Magic
 16509 | Lair:2   | Found a dark tunnel.
 16523 | Volcano  | Entered a volcano
 16613 | Volcano  | Noticed a stone giant
 16629 | Volcano  | Reached skill level 5 in Conjurations
 16629 | Volcano  | Reached skill level 5 in Fire Magic
 16634 | Volcano  | Killed a stone giant
 16635 | Volcano  | Reached skill level 10 in Fighting
 16635 | Volcano  | Reached XP level 13. HP: 43/103 MP: 20/26
 16833 | Volcano  | Identified the +4 pair of gloves of Lugonu's Fury {Int+7
                  | Dex-2}
 16945 | Lair:2   | Noticed a six-headed hydra
 16955 | Lair:2   | Killed a six-headed hydra
 16968 | Lair:2   | Reached skill level 10 in Spellcasting
 17049 | Lair:2   | Found a hole to the Spider Nest.
 17711 | Lair:2   | Learned a level 5 spell: Metabolic Englaciation
 17790 | Lair:3   | Found a gate leading to a gauntlet.
 17815 | Gauntlet | Entered a Gauntlet
 17815 | Gauntlet | Found a transporter.
 17815 | Gauntlet | Found a transporter.
 17832 | Gauntlet | Found a transporter.
 17834 | Gauntlet | Found a large runed translucent door.
 17835 | Gauntlet | Found a large runed translucent door.
 17836 | Gauntlet | Found a large runed translucent door.
 17836 | Gauntlet | Found a large runed translucent door.
 17836 | Gauntlet | Found a runed translucent door.
 17837 | Gauntlet | Found a large runed translucent door.
 17838 | Gauntlet | Found a large runed translucent door.
 17839 | Gauntlet | Found a large runed translucent door.
 17839 | Gauntlet | Found a large runed translucent door.
 17840 | Gauntlet | Found a runed translucent gate.
 17844 | Gauntlet | Found a transporter.
 17852 | Gauntlet | Found a transporter.
 17852 | Gauntlet | Found a transporter.
 17857 | Gauntlet | Noticed a hell beast
 17876 | Gauntlet | Found a transporter.
 17878 | Gauntlet | Found a runed translucent gate.
 17878 | Gauntlet | Found a runed translucent gate.
 17880 | Gauntlet | Found a large runed translucent door.
 17881 | Gauntlet | Found a large runed translucent door.
 17883 | Gauntlet | Found a transporter.
 17895 | Gauntlet | Found a transporter.
 17902 | Gauntlet | Found a runed translucent door.
 17904 | Gauntlet | Found a transporter.
 17911 | Gauntlet | Found a large runed translucent door.
 17911 | Gauntlet | Found a large runed translucent door.
 17911 | Gauntlet | Found a large runed translucent door.
 17911 | Gauntlet | Found a large runed translucent door.
 17912 | Gauntlet | Found a large runed translucent door.
 17913 | Gauntlet | Found a transporter.
 17913 | Gauntlet | Found a large runed translucent door.
 17935 | Gauntlet | Found a transporter.
 17980 | Gauntlet | Found a transporter.
 18001 | Gauntlet | Found a transporter.
 18098 | Gauntlet | Found a transporter.
 18112 | Gauntlet | Found a transporter.
 18202 | Gauntlet | Reached ***** piety under Sif Muna
 18286 | Gauntlet | Identified the +1 helmet of Limited Liability {Rampage
                  | Regen+ Dex+3}
 18330 | Gauntlet | Received a gift from Sif Muna
 18331 | Gauntlet | Reached skill level 12 in Ice Magic
 18338 | Gauntlet | Got Sif Muna's Disquisition on the White Impact {god gift}
 18407 | Gauntlet | Learned a level 3 spell: Stone Arrow
 18430 | Gauntlet | Killed a hell beast
 18553 | Gauntlet | Noticed a minotaur
 18564 | Gauntlet | Killed a minotaur
 19319 | Lair:3   | Reached XP level 14. HP: 109/113 MP: 18/28
 20002 | Lair:4   | Got the Reference Book on the Warped Autopsy
 20081 | Lair:4   | Reached skill level 1 in Necromancy
 20081 | Lair:4   | Reached skill level 1 in Earth Magic
 21167 | Lair:5   | Entered Level 5 of the Lair of Beasts
 21486 | Lair:5   | Found a staircase to the Slime Pits.
 21704 | Lair:5   | Reached skill level 10 in Invocations
 21818 | Lair:5   | Reached skill level 13 in Ice Magic
 21966 | Lair:5   | Reached XP level 15. HP: 100/120 MP: 15/30
 22568 | Lair:5   | Reached skill level 5 in Earth Magic
 22698 | Lair:5   | Reached skill level 5 in Necromancy
 23437 | Lair:5   | Identified the +6 trident "Axzoqu" {flame, Str+2}
 23445 | Lair:5   | Learned a level 5 spell: Borgnjor's Vile Clutch
 23680 | D:10     | Killed nononono's ghost
 23696 | D:10     | Identified the +6 war axe of Success {flame, *Rage rElec
                  | rN++ Str+3}
 23777 | Orc:1    | Entered Level 1 of the Orcish Mines
 23814 | Orc:1    | Received a gift from Sif Muna
 23816 | Orc:1    | Got Sif Muna's Incunabulum of Coruscating Bewitchment {god
                  | gift}
 24034 | Orc:2    | Entered Level 2 of the Orcish Mines
 24268 | Orc:2    | Found a frozen archway.
 24326 | IceCv    | Entered an ice cave
 24414 | IceCv    | Found a transporter.
 24424 | IceCv    | Found a transporter.
 24525 | Orc:2    | Reached XP level 16. HP: 93/129 MP: 11/32
 24804 | Orc:2    | Found a staircase to the Elven Halls.
 24812 | Orc:2    | Found Sejeraw's Assorted Antiques.
 24812 | Orc:2    | Found Cipnot's Jewellery Emporium.
 24813 | Orc:2    | Found Sewec's Book Emporium.
 24813 | Orc:2    | Found Gejel's Armour Boutique.
 24826 | Orc:2    | Bought a runed robe for 122 gold pieces
 25010 | Orc:2    | Bought a scroll labelled DUDEUD EKUCUELL for 33 gold pieces
 25010 | Orc:2    | Bought a scroll labelled TEENE IDIUPPO for 33 gold pieces
 25010 | Orc:2    | Bought a scroll labelled TEENE IDIUPPO for 33 gold pieces
 25106 | Orc:1    | Noticed Nergalle
 25118 | Orc:2    | Received a gift from Sif Muna
 25189 | Orc:2    | Learned a level 5 spell: Freezing Cloud
 25280 | Orc:1    | Killed Nergalle
 25619 | Orc:2    | Bought the ring "Ytrulaz" {Drain rF+ rC+ Str+2 Int+4} for
                  | 736 gold pieces
 25675 | Orc:2    | Bought the Exposition on Supportive Venom for 608 gold
                  | pieces
 25681 | Orc:2    | Learned a level 4 spell: Olgreb's Toxic Radiance
 25904 | Shoals:1 | Entered Level 1 of the Shoals
 26200 | Shoals:1 | Noticed Mlioglotl
 26298 | Shoals:1 | Reached skill level 1 in Poison Magic
 26346 | Shoals:1 | Noticed Louise
 26360 | Shoals:1 | Killed Louise
 26428 | Shoals:1 | Noticed a kraken
 26435 | Shoals:1 | Killed a kraken
 27384 | Shoals:2 | Reached skill level 14 in Ice Magic
 27532 | Shoals:2 | Noticed Ilsuiw
 27987 | Shoals:2 | Identified the amulet of Borgheen {RegenMP rC++}
 28024 | Shoals:2 | Reached skill level 5 in Stealth
 28143 | Shoals:2 | Found Hamnyaqu's Weapon Boutique.
 28162 | Shoals:2 | Killed Ilsuiw
 28723 | Shoals:3 | Noticed Polyphemus
 28727 | Shoals:3 | Noticed Aizul
 28736 | Shoals:2 | Received a gift from Sif Muna
 28737 | Shoals:2 | Got Sif Muna's Secrets of the Ashen Sun {god gift}
 28820 | Shoals:3 | Reached XP level 17. HP: 137/137 MP: 32/34
 28825 | Shoals:3 | Learned a level 3 spell: Volatile Blastmotes
 28842 | Shoals:3 | Reached XP level 18. HP: 65/143 MP: 19/35
 28995 | Shoals:3 | Killed Polyphemus
 28997 | Shoals:3 | Reached skill level 5 in Poison Magic
 29141 | Shoals:3 | Learned a level 3 spell: Portal Projectile
 29354 | Shoals:3 | Identified the +3 kite shield of Mental Paralysis {*Corrode
                  | Int+6}
 29636 | Shoals:3 | Killed Aizul
 30153 | Shoals:4 | Entered Level 4 of the Shoals
 30179 | Shoals:4 | Reached skill level 1 in Ranged Weapons
 30202 | Shoals:4 | Reached skill level 1 in Translocations
 30457 | Shoals:4 | Received a gift from Sif Muna
 30730 | Shoals:4 | Got Meibixer's Lectures on Flashy Burning {god gift}
 31067 | Shoals:4 | Got the Guidebook on Crystalline Kindling
 31165 | Shoals:4 | Got the Anthology of Geometric Firn
 31166 | Shoals:4 | Identified the +8 dagger of Arphirgh {flame, Str+4}
 31287 | Shoals:4 | Got a barnacled rune of Zot
 31298 | Shoals:4 | Noticed a kraken
 31305 | Shoals:4 | Killed a kraken
 31593 | Shoals:1 | Noticed a bone dragon
 31603 | Shoals:1 | Killed Mlioglotl
 31604 | Shoals:1 | Reached XP level 19. HP: 104/151 MP: 7/36
 31870 | Spider:1 | Entered Level 1 of the Spider Nest
 32083 | Spider:1 | Noticed Azrael
 32111 | Spider:1 | Noticed Asterion
 32122 | Spider:1 | Killed Asterion
 32187 | Spider:1 | Noticed Donald
 32192 | Spider:1 | Killed Azrael
 32199 | Spider:1 | Killed Donald
 32200 | Spider:1 | Reached skill level 5 in Ranged Weapons
 32215 | Spider:1 | Noticed Kirke
 32219 | Spider:1 | Killed Kirke
 32220 | Spider:1 | Reached skill level 5 in Translocations
 33204 | Spider:2 | Received a gift from Sif Muna
 33211 | Spider:2 | Got Sif Muna's Excursus on Nival Rot {god gift}
 33272 | Spider:2 | Reached skill level 15 in Ice Magic
 34243 | Spider:3 | Identified a scroll of acquirement
 34244 | Spider:3 | Acquired the amulet of Minuqanga {+Inv Regen+}
 34372 | Spider:3 | Received a gift from Sif Muna
 34386 | Spider:3 | Learned a level 7 spell: Ozocubu's Refrigeration
 34463 | Spider:3 | Identified Roxanne's Quarto of the Mountains
 34463 | Spider:3 | Noticed Roxanne
 35116 | Spider:3 | Killed Roxanne
 35178 | Spider:4 | Entered Level 4 of the Spider Nest
 35490 | Spider:4 | Reached XP level 20. HP: 42/160 MP: 6/38
 36372 | Spider:4 | Reached skill level 10 in Earth Magic
 37041 | D:10     | Learned a level 5 spell: Lee's Rapid Deconstruction
 37044 | D:10     | Learned a level 2 spell: Passwall
 37051 | D:10     | Upgraded the game from 0.30-a0-1163-gf69bf04e7a to
                  | 0.30-a0-1164-ge08a67761e
 37190 | Elf:1    | Entered Level 1 of the Elven Halls
 37199 | Elf:1    | Reached skill level 1 in Evocations
 37256 | Elf:1    | Found Eriraane's Armour Shop.
 37286 | Elf:1    | Bought the +4 cloak of Eternal Night {rCorr Int+2} for 702
                  | gold pieces
 37741 | Elf:1    | You are sucked into a shaft and drop 1 floor!
 37776 | Elf:2    | Received a gift from Sif Muna
 37783 | Elf:2    | Got Sif Muna's Compendium of the Tesseract {god gift}
 38327 | Elf:2    | Found a runed translucent gate.
 38327 | Elf:2    | Found a runed translucent gate.
 38328 | Elf:2    | Found a runed translucent gate.
 38451 | Elf:2    | Paralysed by an air elemental for 1 turns
 38561 | Elf:1    | Got the Textbook on Bringing Forth
 39334 | Elf:2    | Reached XP level 21. HP: 155/167 MP: 6/39
 39528 | Elf:1    | Found a radiant altar of Vehumet.
 39564 | Elf:2    | Found Fauridd's Antique Weapon Emporium.
 39788 | Elf:3    | Entered Level 3 of the Elven Halls
 39959 | Elf:3    | Reached skill level 5 in Evocations
 40002 | Elf:3    | Reached skill level 15 in Fighting
 40111 | Elf:3    | Found Kapen's Assorted Antiques.
 40117 | Elf:3    | Bought a scroll of teleportation for 84 gold pieces
 40541 | Elf:3    | Identified the +7 trident "Tauss" {drain, rPois}
 40650 | Elf:3    | Received a gift from Sif Muna
 40651 | Elf:3    | Got Kief's Spellbook of Productive Degeneration {god gift}
 40762 | Elf:3    | Identified the +0 quarterstaff of Impatience {holy, Str+3}
 40810 | Elf:3    | Reached skill level 15 in Spellcasting
 40869 | Elf:3    | Reached skill level 10 in Stealth
 41182 | Elf:3    | Reached skill level 16 in Ice Magic
 41256 | Elf:3    | Identified the +6 long sword "Plog" {heavy, Dex+5}
 41488 | Elf:3    | Identified the ring "Qitatz" {Will- rCorr EV+5 SInv}
 41612 | Elf:3    | Identified the orb "Widem" {guile, Harm Regen+ Str+3}
 41615 | Elf:3    | Identified the ring "Xach" {rN+ Stlth+}
 41741 | Elf:3    | Got the Vellum of the Many Ghosts
 43178 | D:12     | Reached skill level 10 in Ranged Weapons
 43973 | D:12     | Identified the +7 halberd of Ramoedghe {freeze, rN++ Str-2}
 44096 | D:12     | Identified the +1 flail "Menoloy" {heavy, rF+ rCorr Str+2}
 44873 | D:13     | Found a shadowy altar of Dithmenos.
 45184 | D:13     | Received a gift from Sif Muna
 45216 | D:13     | Reached skill level 15 in Invocations
 45320 | D:13     | Reached skill level 1 in Shields
 45406 | D:13     | Reached XP level 22. HP: 175/175 MP: 31/41
 45791 | D:14     | Found an ancient bone altar of Kikubaaqudgha.
 46054 | D:14     | Found a sparkling altar of Nemelex Xobeh.
 46196 | D:14     | Found a gate to the Vaults.
 46550 | D:15     | Entered Level 15 of the Dungeon
 46733 | D:15     | Found a staircase to the Depths.
 47754 | Vaults:1 | Entered Level 1 of the Vaults
 47813 | Vaults:1 | Received a gift from Sif Muna
 48339 | Vaults:1 | Found Cubude's General Store.
 48350 | Vaults:1 | Bought a potion of resistance for 150 gold pieces
 48350 | Vaults:1 | Bought a potion of attraction for 45 gold pieces
 48350 | Vaults:1 | Bought a scroll of blinking for 112 gold pieces
 48350 | Vaults:1 | Bought a potion of curing for 45 gold pieces
 48530 | Vaults:1 | Found a gateway to a bazaar.
 48634 | Vaults:1 | Reached skill level 10 in Evocations
 48967 | Vaults:1 | Found Aclergh's General Store.
 49063 | Vaults:1 | Found Kokkiho's Magic Scroll Boutique.
 49915 | Vaults:1 | Learned a level 6 spell: Iron Shot
 50060 | Vaults:2 | Acquired a +0 heavy triple crossbow
 50062 | Vaults:2 | Acquired the +9 hand crossbow of Kerafike {heavy, Int+3}
 50065 | Vaults:2 | Acquired 854 gold pieces
 50469 | Vaults:2 | Reached skill level 5 in Shields
 50519 | Vaults:2 | Reached skill level 17 in Ice Magic
 50519 | Vaults:2 | Reached XP level 23. HP: 176/181 MP: 4/43
 50547 | Vaults:2 | Received a gift from Sif Muna
 50548 | Vaults:2 | Got Sif Muna's Precepts of Viperous Ouranomancy {god gift}
 52137 | D:14     | Learned a level 2 spell: Blink
 52254 | Bazaar   | Entered a bazaar
 52257 | Bazaar   | Found Eterel's Jewellery Shoppe.
 52259 | Bazaar   | Found Vuukkuph's General Store.
 52264 | Bazaar   | Found Sepiptog's Book Shoppe.
 52264 | Bazaar   | Found Ista's Antique Weapon Emporium.
 52290 | Bazaar   | Bought a scroll of teleportation for 33 gold pieces
 52290 | Bazaar   | Bought a potion of haste for 110 gold pieces
 53370 | Vaults:3 | Found a transporter.
 53372 | Vaults:3 | Noticed Yhaurph's ghost (adept MiFi)
 53373 | Vaults:3 | Found a bloodstained altar of Trog.
 53393 | Vaults:3 | Found a transporter.
 53532 | Vaults:3 | Received a gift from Sif Muna
 53552 | Vaults:3 | Identified the +5 hat "Ytzoezxi" {rF- Will+ Int+6}
 53559 | Vaults:3 | Got Sif Muna's Compendium of Left-Handed Spells {god gift}
 54107 | Vaults:3 | Found a staircase to the Crypt.
 54510 | Vaults:3 | Killed Yhaurph's ghost
 55207 | Vaults:4 | Found a runed translucent gate.
 55207 | Vaults:4 | Found a runed translucent gate.
 55207 | Vaults:4 | Noticed Rinoumap's ghost (adept TrCK)
 55208 | Vaults:4 | Found a runed translucent gate.
 55208 | Vaults:4 | Noticed Oswald's ghost (veteran KoGl)
 55208 | Vaults:4 | Noticed Joextigh's ghost (veteran KoHu)
 55208 | Vaults:4 | Noticed Esoocrirph's ghost (veteran NaFi)
 55208 | Vaults:4 | Noticed Inath's ghost (adept OpTm)
 55218 | Vaults:4 | Reached XP level 24. HP: 188/188 MP: 30/43
 56243 | Vaults:4 | Learned a level 3 spell: Swiftness
 56663 | Vaults:4 | Killed Inath's ghost
 56667 | Vaults:4 | Killed Oswald's ghost
 56667 | Vaults:4 | Killed Esoocrirph's ghost
 56668 | Vaults:4 | Reached skill level 1 in Air Magic
 56672 | Vaults:4 | Killed Rinoumap's ghost
 56681 | Vaults:4 | Killed Joextigh's ghost
 57031 | Vaults:5 | Entered Level 5 of the Vaults
 57040 | Vaults:5 | Reached skill level 18 in Ice Magic
 57485 | Vaults:5 | Identified the +1 leather armour "Migaoxt" {-Tele Fly
                  | rCorr}
 57551 | Vaults:5 | Acquired the amulet of Nairaf {RegenMP +Inv Dex+2}
 57651 | Vaults:5 | Got a silver rune of Zot
 57653 | Vaults:5 | Identified the +4 morningstar of Ogiffaxt {elec, Int+2}
 57889 | Vaults:5 | Reached XP level 25. HP: 149/197 MP: 28/43
 57899 | Vaults:5 | Noticed an ancient lich
 58659 | Vaults:5 | Killed an ancient lich
 58990 | Vaults:5 | Identified the ring "Ohe Pagh" {Fly rElec rC+ Str+5 Dex-4}
 59460 | Vaults:5 | Identified the +9 dagger "Vappin" {flame, +Blink Str+2}
 59528 | Vaults:5 | Identified the staff of poison "Siuc" {rPois rC+}
 59608 | Vaults:5 | Received a gift from Sif Muna
 59750 | Vaults:5 | Identified the +3 leather armour of Devotion {rF+}
 60119 | Vaults:5 | Identified the +11 dagger "Zamot" {venom, Str+3 SInv}
 60120 | Vaults:5 | Identified the +5 quarterstaff of the Present {drain,
                  | Int+3}
 60161 | Vaults:5 | Reached skill level 19 in Ice Magic
 60206 | Vaults:5 | Identified the +2 scale mail of Lamm {Rampage Int-3 Dex+3}
 60252 | Vaults:5 | Identified the staff of fire "Baes" {rF+ rC+ Will- Str+2
                  | Int+3}
 60262 | Vaults:5 | Identified the staff of death "Hommiot" {rC+ rN+}
 60270 | Vaults:5 | Identified the +3 short sword of Dael {heavy, *Corrode
                  | rElec SInv}
 60273 | Vaults:5 | Identified the staff of cold "Kab Louv" {rC+ Str+4}
 60284 | Vaults:5 | Identified the +7 ring mail "Kavius" {Str+4}
 60648 | Vaults:1 | Bought a scroll of teleportation for 48 gold pieces
 60648 | Vaults:1 | Bought a scroll of blinking for 120 gold pieces
 60677 | Vaults:1 | Bought a scroll of blinking for 120 gold pieces
 60969 | Orc:2    | Bought a potion of heal wounds for 165 gold pieces
 60969 | Orc:2    | Bought a potion of resistance for 330 gold pieces
 61077 | Elf:3    | Bought a scroll of fear for 112 gold pieces
 61077 | Elf:3    | Bought a potion of brilliance for 112 gold pieces
 61329 | D:10     | Learned a level 9 spell: Polar Vortex
 61456 | Spider:4 | Reached skill level 5 in Air Magic
 61936 | Spider:4 | Got a gossamer rune of Zot
 62223 | Slime:1  | Entered Level 1 of the Pits of Slime
 62757 | Slime:2  | Received a gift from Sif Muna
 62760 | Slime:2  | Reached XP level 26. HP: 208/208 MP: 25/44
 62760 | Slime:2  | Got Sif Muna's Discursus on Displaced Ozone {god gift}
 63478 | Slime:1  | Found a one-way gate to the infinite horrors of the Abyss.
 63480 | Slime:1  | Found a corrupted altar of Lugonu.
 64568 | Slime:4  | Received a gift from Sif Muna
 64569 | Slime:4  | Got Ixkatamor's Tome of the Twinkling Barrage {god gift}
 65268 | Slime:5  | Entered Level 5 of the Pits of Slime
 65272 | Slime:5  | Reached skill level 15 in Ranged Weapons
 65559 | Slime:5  | Noticed the Royal Jelly
 65573 | Slime:5  | Killed the Royal Jelly
 66017 | Slime:5  | Identified the staff of conjuration "Iluakhuc" {Int+2
                  | Dex+3}
 66044 | Slime:5  | Identified the +8 scimitar "Azuip" {heavy, Contam rF+
                  | rCorr}
 66052 | Slime:5  | Identified the amulet of Tawitz {Spirit rF+ rC+ Str-5}
 66056 | Slime:5  | Got the Elucidation of Heat
 66069 | Slime:5  | Got a slimy rune of Zot
 66086 | Slime:5  | Identified the +8 glaive of Checkmate {drain, rF+ Str-4
                  | Int+3}
 66476 | D:10     | Learned a level 6 spell: Eringya's Noxious Bog
 66481 | D:10     | Learned a level 4 spell: Animate Dead
 66622 | Depths:1 | Entered Level 1 of the Depths
 66653 | Depths:1 | Reached skill level 20 in Ice Magic
 66656 | Depths:1 | Reached skill level 1 in Transmutations
 66806 | Depths:1 | Found an iron altar of Okawaru.
 66812 | Depths:1 | Identified the +7 spear of Grandeur {flame, Fly rPois
                  | Stlth+}
 66867 | Depths:1 | Received a gift from Sif Muna
 66875 | Depths:1 | Got Sif Muna's Precepts of the Sun and Corpses {god gift}
 67100 | Depths:1 | Found a one-way gate leading to the halls of Pandemonium.
 67282 | Depths:1 | Reached XP level 27. HP: 173/218 MP: 2/44
 67371 | Depths:1 | Found a transporter.
 67394 | Depths:1 | Found a transporter.
 67420 | Depths:1 | Received a gift from Sif Muna
 67425 | Depths:1 | Got Sif Muna's Tome of the Traveller and Sidekicks {god
                  | gift}
 67778 | Depths:1 | Found a transporter.
 67924 | Depths:1 | Found a gateway to Hell.
 67942 | Depths:1 | Identified the +0 scale mail "Ziemakke" {*Corrode Str+4
                  | SInv}
 67991 | Depths:1 | Found a transporter.
 68624 | Hell     | Entered the Vestibule of Hell
 68628 | Hell     | Noticed Geryon
 68638 | Hell     | Killed Geryon
 68646 | Hell     | Gained mutation: You do not regenerate when monsters are
                  | visible. [a cacodemon]
 68651 | Hell     | Reached skill level 5 in Transmutations
 68657 | Hell     | Received a gift from Sif Muna
 68658 | Hell     | Got Sif Muna's Incunable of the Dragon and Zombies {god
                  | gift}
 68935 | Hell     | Noticed Murray
 68952 | Hell     | Killed Murray
 69190 | Hell     | Found a gateway to the ashen valley of Gehenna.
 69284 | Hell     | Found a gateway to the decaying netherworld of Tartarus.
 69326 | Hell     | Found a gateway to the freezing wastes of Cocytus.
 69453 | Hell     | Found a gateway to the Iron City of Dis.
 69817 | Depths:2 | Learned a level 6 spell: Simulacrum
 70072 | Depths:2 | Received a gift from Sif Muna
 70306 | Depths:2 | Found a one-way gateway to a ziggurat.
 70480 | Depths:2 | Identified the +1 giant club "Xitust" {venom, Contam rC+
                  | Stlth+}
 70480 | Depths:2 | Identified the +0 giant club "Unoal" {spect, Int+2}
 70762 | Depths:2 | Noticed the Enchantress
 70767 | Depths:2 | Killed the Enchantress
 72135 | Depths:2 | Found a runed translucent door.
 72147 | Depths:2 | Learned a level 4 spell: Passage of Golubria
 72551 | Depths:3 | Reached skill level 21 in Ice Magic
 72820 | Depths:3 | Noticed a juggernaut
 72833 | Depths:3 | Killed a juggernaut
 73085 | Depths:3 | Received a gift from Sif Muna
 73086 | Depths:3 | Got Maozelom's Writings on Flaming Vicissitude {god gift}
 73369 | Depths:3 | Identified the +0 kite shield of a Gauntlet {+Inv}
 74062 | Depths:3 | Found a corrupted altar of Lugonu.
 74683 | Depths:3 | Reached skill level 10 in Necromancy
 75126 | Depths:3 | Noticed an ancient lich
 75140 | Depths:3 | Killed an ancient lich
 75359 | Depths:3 | Upgraded the game from 0.30-a0-1164-ge08a67761e to
                  | 0.31-a0-1-g4198be8af4
 75370 | Depths:4 | Entered Level 4 of the Depths
 75691 | Depths:3 | Received a gift from Sif Muna
 76503 | Depths:4 | Found a gate to the Realm of Zot.
 77281 | Depths:4 | Reached skill level 15 in Evocations
 77413 | Depths:4 | Reached skill level 10 in Transmutations
 77546 | Hell     | Quit the game

Illustrated notes

Levels and vault maps discovered:
D:1:      ncdulo_watergridlock, layout_basic, serial_aquarium,
          aquarium_bridge_straight [aquarium_subvault_bridge,
          aquarium_subvault_wall, aquarium_subvault_bridge,
          aquarium_subvault_wall], aquarium_bridge_straight
          [aquarium_subvault_bridge, aquarium_subvault_window,
          aquarium_subvault_bridge, aquarium_subvault_wall], aquarium_window_1,
          aquarium_window_corner, aquarium_window_fake, aquarium_window_corner,
          aquarium_view_2b, aquarium_view_2c, aquarium_balcony_3a,
          aquarium_pool_2, kennysheep_pointless_box
D:2:      layout_loops_cross, nicolae_ecumenical_snake_handling
D:3:      layout_basic, mainiacjoe_overflow_boulevard
D:4:      layout_rooms, lemuel_doored_altar, nicolae_ossuary_entry_catacombs,
          hangedman_decor_slide_cut, uniq_grinder, uniq_eustachio, uniq_natasha
D:5:      layout_loops_corners, minmay_temple_entry_junction,
          sigmund_edmund_badplayer, uniq_duvessa, uniq_prince_ribbit1
D:6:      layout_loops_cross, nicolae_vehumet_radiance,
          mainiacjoe_overflow_six_doors_small,
          gammafunk_temple_overflow_elements, uniq_blork_the_orc, uniq_maggie,
          uniq_edmund
D:7:      minmay_chambers_of_fours, layout_cave_pools, tgw_sif,
          nicolae_gozag_seed_capital, minivault_23
D:8:      layout_gridville, fedhas_bush_and_centaur_altar, minivault_27,
          uniq_maurice, uniq_joseph
D:9:      layout_basic, david_orc_4, serial_shops, shop, enter_bailey_5
D:10:     layout_irregular_city, nicolae_overflow_crystal_walls,
          kennysheep_mini_moat, old_standard_altar, dpeg_oklobed_lair,
          gammafunk_ghost_hydra_chop
D:11:     layout_irregular_city
D:12:     nicolae_aperiodic_l_corner, layout_loops_corners,
          kennysheep_generic_room_5
D:13:     layout_basic, grunt_dithmenos_smoke_and_mirrors
D:14:     layout_irregular_city, david_vaults_4,
          nemelex_xobeh_ov_fountains_minmay, kiku_gazebo_pond_becter
D:15:     hangedman_depths_entry_civil_slaughter, layout_loops_ring,
          serial_bayou_shore_b, serial_bayou_lake_a
Temple:   hellmonk_temple_micro_hex
Lair:1:   beast_lair_carwin_large_4, layout_loops_ring
Lair:2:   layout_hall_layers, spider_nest_entry_rubble,
          nicolae_volcano_entry_s_turn, grunt_forest_large_clearings
Lair:3:   layout_roguey, nicolae_shoals_entry_flooding, gauntlet_entry_generic
Lair:4:   layout_cave_pods, minivault_23
Lair:5:   evilmike_catoblepas_cave, layout_cave_pods, slime_entry_1
Shoals:1: layout_shoals, uniq_louise, uniq_mlioglotl
Shoals:2: layout_shoals, serial_shops, shop, uniq_ilsuiw
Shoals:3: layout_shoals, uniq_aizul, uniq_polyphemus
Shoals:4: shoals_end_hellmonk_lost_city
Spider:1: layout_spider_delve, drop_trap, uniq_azrael, uniq_asterion,
          uniq_kirke, uniq_donald
Spider:2: layout_spider_delve
Spider:3: layout_cave_pods, nicolae_spider_circle_web,
          nicolae_spider_some_kinda_spiderbox, uniq_roxanne
Spider:4: spider_rune_water, nicolae_spider_solar_radiation
Slime:1:  layout_caves, amcnicky_altar_lugonu_corruption
Slime:2:  layout_caves, cheibrodos_slime_lost_civilization_4
Slime:3:  cheibrodos_slime_lost_civilization_2, layout_caves
Slime:4:  layout_caves, nicolae_slime_barrier
Slime:5
Orc:1:    layout_caves, uniq_nergalle
Orc:2:    st_orc_ogre_mass, layout_caves, portal_ice_cave_demonic_guard
Elf:1:    layout_geoelf_diagonals, serial_shops, shop, minmay_elf_demonology,
          dreamdust_princess_bridge, minivault_5, lemuel_upstairs_altar
Elf:2:    elven_hall_of_blades_hangedman_original
          [nicolae_blade_entry_floor_patterns], layout_rooms, serial_shops,
          nicolae_shop_advertising_works [nicolae_subvault_shop_adworks]
Elf:3:    minmay_elf_hall_curves, layout_geoelf_castle, serial_shops, shop,
          kennysheep_underground_church
Vaults:1: nicolae_vaults_holding_cells, nicolae_vaults_closet_pinwheel_4,
          v_misc_31, v_pattern_4, v_rooms_5, v_alt_pattern_1,
          hangedman_vaults_stretched_pinwheel, nicolae_vaults_closet_pinwheel_6,
          nicolae_vaults_door_testing_chamber, nicolae_vaults_house_1,
          layout_vaults_omnicross, serial_shops, bzr_entry_road,
          nicolae_shop_stone, shop_statue, nicolae_shop_rolled_up
Vaults:2: nicolae_vaults_ninety_degrees, v_misc_28, vaults_standard_mumra_x,
          hangedman_vaults_slice, nicolae_vaults_offset_grid_hallway_3,
          vaults_mumra_chevron_long, nicolae_vaults_stairing_the_circle,
          nicolae_vaults_big_ls, st_squares, nicolae_vaults_trapezoid_2,
          nicolae_vaults_house_2, layout_vaults_omnigrid
Vaults:3: gammafunk_ghost_wrathful_warriors, v_misc_29,
          nicolae_vaults_more_shelving_1, v_rooms_4,
          nicolae_vaults_little_squares_2, minmay_crypt_entry_nasty_monster,
          st_more_cells, ontoclasm_vaults_spin, vaults_room_door_ring,
          nicolae_vaults_surprise_closet, vaults_dpeg_ring,
          layout_vaults_chaotic_city
Vaults:4: gammafunk_ghost_cemetery, v_misc_22, hangedman_vaults_stagger,
          v_misc_17, vaults_room_grid, v_pattern_3, vaults_dpeg_diagonal,
          nicolae_vaults_asterisk, ontoclasm_vaults_twist,
          nicolae_vaults_heart-shaped_vault, nicolae_vaults_shelves_hall,
          grunt_vaults_trifunnel, nicolae_vaults_little_squares_6,
          nicolae_vaults_sesquioval_fish, v_misc_9, layout_vaults_ring
Vaults:5: serial_shops, uniq_margery
Depths:1: layout_gridlike, okawaru_ov_weapons_minmay, rand_demon_pan_entry_8,
          pf_coc_iceberg, nicolae_diode_intersection, kennysheep_random_hallway,
          grunt_megastairs_5
Depths:2: grunt_forest_end_chambers, layout_honeycomb, enter_ziggurat_a,
          hell_entry, nicolae_figureground_pulse, serial_glass, glass_columns_b,
          glass_columns_a, glass_columns_a, glass_columns_c, glass_columns_b,
          glass_columns_a, glass_columns_c, glass_columns_b,
          nicolae_abyss_entry_one_way_or_another, pan_entry,
          kennysheep_treasure_room
Depths:3: minmay_nested_s, layout_honeycomb, minmay_misc_feat_hallway,
          pf_hell_entry_tar_spiral, abyss_entry_flame_altar, pan_entry
Depths:4: grunt_x_marks_the_spot, layout_honeycomb, hell_entry,
          corexii_corridor_pit
Hell

Skill      XL: |  1  2  3  4  5  6  7  8  9 10 11 12 13 14 15 16 17 18 19 20 21 22 23 24 25 26 27 |
---------------+----------------------------------------------------------------------------------+-----
Fighting       | 1 2 3 4 6 8 9 10 11 12 13 14 15 17 18 20 | 20.0
Ice Magic      | 5 6 7 8 9 10 11 12 13 14 15 16 17 18 19 20 21 | 21.8
Spellcasting   | 3 4 6 7 8 9 10 11 12 13 14 15 16 17 18 | 18.6
Summonings     | 1 3 5 |  5.0
Invocations    | 2 5 6 8 10 11 12 13 14 15 | 15.0
Conjurations   | 1 5 7 |  7.0
Fire Magic     | 1 5 |  5.0
Necromancy     | 4 5 6 11 | 11.2
Earth Magic    | 4 6 7 8 9 10 11 12 | 12.0
Stealth        | 3 5 7 8 9 10 | 10.0
Poison Magic   | 4 5 |  5.0
Ranged Weapons | 4 7 9 10 11 12 13 14 15 16 | 16.8
Translocations | 4 5 |  5.0
Evocations     | 4 8 10 11 12 13 15 | 15.0
Shields        | 1 5 6 8 |  8.0
Air Magic      | 3 5 |  5.0
Transmutations | 3 10 | 10.0
Dodging        | |  2.0

Action                     |  1- 3 |  4- 6 |  7- 9 | 10-12 | 13-15 | 16-18 | 19-21 | 22-24 | 25-27 || total
---------------------------+-------+-------+-------+-------+-------+-------+-------+-------+-------++-------
  Melee: Short sword       |    23 |   112 |    49 |       |       |       |       |       |       ||   184
         Punch             |       |     1 |     3 |     2 |       |       |       |       |       ||     6
         Dagger            |       |       |    15 |       |       |       |       |       |     9 ||    24
         Rapier            |       |       |    37 |    92 |       |       |       |       |       ||   129
         Halberd           |       |       |     3 |   183 |   255 |    37 |     3 |       |       ||   481
         War axe           |       |       |       |       |       |    21 |       |       |     6 ||    27
         Demon trident     |       |       |       |       |       |       |     2 |       |       ||     2
         Staff             |       |       |       |       |       |       |     5 |     2 |    21 ||    28
   Fire: Arbalest          |       |       |       |       |    34 |   242 |   319 |     8 |       ||   603
         Hand crossbow     |       |       |       |       |       |       |       |   198 |   176 ||   374
  Throw: Stone             |     4 |     1 |    12 |     9 |    14 |       |       |       |       ||    40
         Dart              |       |     2 |     4 |     1 |       |       |     1 |       |     1 ||     9
         Javelin           |       |       |       |       |       |       |       |       |     1 ||     1
   Cast: Freeze            |    28 |     8 |    25 |     6 |     1 |       |       |       |       ||    68
         Frozen Ramparts   |     5 |    25 |    42 |    79 |    87 |    38 |    41 |     4 |     8 ||   329
         Ozocubu's Armour  |       |     6 |    15 |    35 |    39 |    47 |    53 |    12 |    32 ||   239
         Summon Ice Beast  |       |    14 |    16 |    59 |    43 |    25 |    31 |     8 |     3 ||   199
         Call Canine Famil |       |       |     2 |    58 |    37 |     7 |     3 |       |       ||   107
         Sticky Flame      |       |       |       |     4 |    55 |    33 |    74 |    22 |    66 ||   254
         Flame Wave        |       |       |       |     3 |     2 |    16 |     1 |       |       ||    22
         Metabolic Englaci |       |       |       |       |     6 |     3 |       |       |       ||     9
         Borgnjor's Vile C |       |       |       |       |     2 |    22 |    77 |    14 |    32 ||   147
         Stone Arrow       |       |       |       |       |     1 |     5 |    17 |       |       ||    23
         Olgreb's Toxic Ra |       |       |       |       |       |    89 |    82 |     3 |       ||   174
         Freezing Cloud    |       |       |       |       |       |    46 |    39 |     2 |     2 ||    89
         Volatile Blastmot |       |       |       |       |       |     7 |    11 |     1 |       ||    19
         Portal Projectile |       |       |       |       |       |     5 |     7 |     1 |     3 ||    16
         Ozocubu's Refrige |       |       |       |       |       |       |   251 |   421 |   226 ||   898
         Lee's Rapid Decon |       |       |       |       |       |       |    13 |    36 |    10 ||    59
         Iron Shot         |       |       |       |       |       |       |       |    22 |       ||    22
         Polar Vortex      |       |       |       |       |       |       |       |     1 |   168 ||   169
         Shatter           |       |       |       |       |       |       |       |     1 |       ||     1
         Blink             |       |       |       |       |       |       |       |       |     4 ||     4
         Eringya's Noxious |       |       |       |       |       |       |       |       |    14 ||    14
         Animate Dead      |       |       |       |       |       |       |       |       |     2 ||     2
         Passage of Golubr |       |       |       |       |       |       |       |       |     3 ||     3
         Swiftness         |       |       |       |       |       |       |       |       |     1 ||     1
         Simulacrum        |       |       |       |       |       |       |       |       |     1 ||     1
 Invoke: Channel Magic     |       |       |       |     4 |     5 |     9 |    16 |    12 |    17 ||    63
         Divine Exegesis   |       |       |       |       |       |       |       |     2 |       ||     2
  Evoke: Wand              |       |       |       |     1 |     3 |       |     1 |       |       ||     5
         Lightning rod     |       |       |       |       |     2 |     3 |       |     4 |     1 ||    10
         Phial of floods   |       |       |       |       |       |       |     1 |     1 |     1 ||     3
         Box of beasts     |       |       |       |       |       |       |       |     2 |       ||     2
    Use: Scroll            |       |     1 |     8 |    11 |     5 |    10 |    14 |     7 |     8 ||    64
         Potion            |       |       |       |     1 |     4 |     4 |     3 |     3 |     5 ||    20
   Stab: Sleeping          |     2 |     1 |     2 |     6 |     1 |       |     1 |       |       ||    13
         Distracted        |       |       |     1 |       |     1 |     2 |       |       |       ||     4
 Armour: Robe              |     6 |    35 |    24 |     1 |       |       |       |       |       ||    66
         Steam dragon scal |       |       |       |   149 |   215 |   308 |   373 |       |       ||  1045
         Leather armour    |       |       |       |       |       |       |    27 |   290 |   248 ||   565
         Acid dragon scale |       |       |       |       |       |       |       |       |   107 ||   107
         Skin              |       |       |       |       |       |       |       |       |    37 ||    37
  Dodge: Dodged            |    22 |    53 |    57 |   197 |   217 |   309 |   283 |   141 |   237 ||  1516
  Block: Buckler           |       |       |       |       |       |       |       |   112 |   199 ||   311

Table legend: (Time is in decaauts)
 A = Elapsed time spent in this place.
 B = Non-inter-level travel time spent in this place.
 C = Inter-level travel time spent in this place.
 D = Time resting spent in this place.
 E = Time spent auto-exploring this place.
 F = Levels seen in this place.
 G = Mean time per level.
                   A        B        C        D        E       F      G
               +--------+--------+--------+--------+--------+-----+--------+
         Total |  78558 |  71520 |   7038 |   6415 |  48959 |  55 | 1428.3 |
       Dungeon |  20381 |  18771 |   1610 |    769 |  14564 |  15 | 1358.7 |
        Temple |      1 |      1 |      0 |      0 |      0 |   1 |    1.0 |
          Lair |   8298 |   7548 |    750 |    483 |   5619 |   5 | 1659.6 |
        Shoals |   6003 |   5845 |    158 |    482 |   3654 |   4 | 1500.8 |
   Spider Nest |   6003 |   5593 |    410 |    848 |   3205 |   4 | 1500.8 |
    Slime Pits |   3785 |   3439 |    346 |    580 |   2224 |   5 |  757.0 |
  Orcish Mines |   2148 |   1714 |    434 |    266 |    852 |   2 | 1074.0 |
   Elven Halls |   4976 |   4527 |    449 |    782 |   2465 |   3 | 1658.7 |
        Vaults |  13282 |  12035 |   1247 |    994 |   8702 |   5 | 2656.4 |
        Depths |   9594 |   7991 |   1603 |    608 |   5739 |   4 | 2398.5 |
          Hell |    765 |    737 |     28 |     11 |    467 |   1 |  765.0 |
        Bazaar |    227 |    227 |      0 |      0 |    143 |   1 |  227.0 |
       Ossuary |   1151 |   1151 |      0 |    330 |    390 |   1 | 1151.0 |
        Bailey |    534 |    534 |      0 |     48 |    267 |   1 |  534.0 |
      Ice Cave |    141 |    141 |      0 |     54 |      7 |   1 |  141.0 |
       Volcano |    361 |    361 |      0 |    158 |     32 |   1 |  361.0 |
      Gauntlet |    900 |    900 |      0 |      0 |    627 |   1 |  900.0 |
               +--------+--------+--------+--------+--------+-----+--------+

Top non-repeatable levels by time:
Depths:3: 3281 daAuts
Vaults:5: 2971 daAuts
Vaults:1: 2851 daAuts
Depths:1: 2807 daAuts
Vaults:4: 2797 daAuts
  Lair:5: 2786 daAuts
Vaults:2: 2343 daAuts
Vaults:3: 2318 daAuts
Spider:4: 2202 daAuts
   Elf:3: 2152 daAuts
Shoals:2: 2112 daAuts
     D:8: 2103 daAuts
    D:10: 1935 daAuts
     D:5: 1895 daAuts
Depths:2: 1832 daAuts
